 Dungeon Crawl Stone Soup version 0.17.0-23-g0de4337 (webtiles) character file.

1194 Dirtsage the Insei (level 8, 0/84 HPs)
             Began as an Octopode Monk on Nov 13, 2015.
             Succumbed to poison (a potion of poison)
             ... on level 6 of the Dungeon.
             The game lasted 00:11:33 (5221 turns).

Dirtsage the Insei (Octopode Monk)                  Turns: 5221, Time: 00:11:33

Health: 0/84       AC: 24    Str: 17    XL:     8   Next: 43%
Magic:  8/8        EV:  2    Int: 12    God:
Gold:   196        SH:  0    Dex: 20    Spells: 2 memorised, 2 levels left

rFire  . . .     SeeInvis +       - Unarmed
rCold  . . .     Clarity  .     (no shield)
rNeg   + + +     SustAt   .     (helmet currently unavailable)
rPois  +         Gourm    .     (no amulet)
rElec  .         Spirit   .     m - ring of see invisible
rCorr  .         Warding  .     p - +5 ring of evasion
rMut   .         NoTele   +     (no ring)
MR     .....                    (no ring)
Stlth  ++++......               (no ring)
                                (no ring)
                                (no ring)
                                (no ring)

@: mighty, agile, lethally poisoned (0 -> -5), tree-form, very slightly
contaminated, invisible, not resistant to hostile enchantments, stealthy
A: almost no armour, amphibious, 8 rings, (constrict 8), (camouflage 0), breathe
flames 1, (gelatinous body 0)
a: Breathe Fire


You were on level 6 of the Dungeon.
You were not hungry.
You were a tree.
You visited 1 branch of the dungeon, and saw 6 of its levels.

You collected 196 gold pieces.

Inventory:

Jewellery
 m - a ring of see invisible (left branch)
 p - a +5 ring of evasion (right branch)
Scrolls
 b - 10 scrolls of identify {unknown}
 c - 2 scrolls of enchant armour {unknown}
 d - a scroll of blinking {unknown}
 e - a scroll of fog {unknown}
 f - 2 scrolls of teleportation {unknown}
 h - 2 scrolls of magic mapping {unknown}
 i - a scroll of enchant weapon {unknown}
 r - 2 scrolls of amnesia {unknown}
 x - a scroll of random uselessness {unknown}
Potions
 j - a potion of poison
 k - 3 potions of agility
 n - a potion of might
 v - a potion of curing {unknown}
 w - a potion of beneficial mutation
Books
 t - a book of Hinderance

   Spells                             Type                      Level
   a - Confusing Touch                Hexes                        2
   b - Confuse                        Hexes                        3
   c - Gell's Gravitas                Hexes/Translocation          3
   d - Petrify                        Transmutation/Earth          4
   e - Metabolic Englaciation         Hexes/Ice                    5
Comestibles
 a - 5 bread rations
 g - a beef jerky
 s - a slice of pizza


   Skills:
 + Level 5.4 Fighting
 + Level 6.7 Dodging
 - Level 2.6 Stealth
 + Level 7.4 Unarmed Combat


You had 2 spell levels left.
You knew the following spells:

 Your Spells              Type           Power        Failure   Level  Hunger
a - Confusing Touch       Hex            #.....       52%         2    ###....
b - Confuse               Hex            #.......     88%         3    ####...


Dungeon Overview and Level Annotations

Branches:
Dungeon (6/15)
 Temple: D:4-7

Altars:
Ashenzari
Fedhas
Kikubaaqudgha
Yredelemnul
The Shining One

Shops:
D:4 [


Innate Abilities, Weirdness & Mutations

You cannot wear most types of armour.
You are amphibious.
You can wear up to eight rings at the same time.
((You can use your tentacles to constrict eight enemies at once.))
((Your skin changes colour to match your surroundings (Stealth).))
((Your rubbery body absorbs attacks (AC +1).))
You can breathe flames.


Message History

You feel very mighty all of a sudden.
* * * LOW HITPOINT WARNING * * *
You feel sick. The killer bee zombie misses you.
The killer bee zombie completely misses you.
Drink which item? (? for menu, Esc to quit)
It was a potion of beneficial mutation.
Your throat feels hot.
You feel fantastic!
The killer bee zombie completely misses you.
Drink which item? (? for menu, Esc to quit)
It was a potion of invisibility.
You fade into invisibility!
* * * LOW HITPOINT WARNING * * *
You feel sick.
The killer bee zombie completely misses you. x2
You are very lightly contaminated with residual magic.
Drink which item? (? for menu, Esc to quit)
It was a potion of lignification.
You turn into a tree.
Your roots penetrate the ground.
You die...

.. .... ............. ##
............. ##. .##..........
..# #. ............ ..## #.
..........# ##... .#... #.
.......§.# ##Z)#. # ##...# #.#
.........######.♣.#.. #....###.#
.[......#.....#.#.#.# #..#.#.#..
..<.....#.....#.#.#.# ###..#.##.†
..............#.#...# #..#..# #..
......#.......)##...####..#†###..
......#........#..#..#.#.....##..
......###........###.....8.8.....
......##.......#..#..#.#.....##..
...............##...####..#.###..


You could see a killer bee zombie.

Vanquished Creatures
  An ice beast (D:5)
  A sky beast (D:4)
  An ogre (D:4)
  A centaur (D:5)
  A giant frog (D:6)
  4 wights
  3 vampire bats (D:6)
  A centaur skeleton (D:5)
  A hound (D:4)
  An orc priest (D:6)
  3 orc wizards
  Terence (D:2)
  An iguana (D:6)
  4 worker ants
  A worker ant zombie (D:6)
  7 adders
  A river rat (D:5)
  3 worms
  6 giant geckos
  10 orcs
  2 ball pythons
  3 bat skeletons (D:6)
  A bat zombie (D:6)
  9 hobgoblins
  2 jackals (D:4)
  4 kobolds (D:1)
  9 bats
  4 giant cockroaches
  3 giant newts
  8 goblins
  5 quokkas
  10 rats
  A spectral orc (D:3)
113 creatures vanquished.

Notes
Turn   | Place    | Note
--------------------------------------------------------------
     0 | D:1      | Dirtsage the Octopode Monk began the quest for the Orb.
     0 | D:1      | Reached XP level 1. HP: 16/16 MP: 1/1
   259 | D:1      | Reached XP level 2. HP: 21/21 MP: 2/2
   742 | D:1      | Reached XP level 3. HP: 26/26 MP: 3/3
  1346 | D:2      | Found a shattered altar of Ashenzari.
  1426 | D:2      | Noticed Terence
  1442 | D:2      | Killed Terence
  1442 | D:2      | Reached skill level 5 in Unarmed Combat
  1442 | D:2      | Reached XP level 4. HP: 10/31 MP: 4/4
  2237 | D:3      | Reached XP level 5. HP: 23/36 MP: 5/5
  2605 | D:3      | Found a basalt altar of Yredelemnul.
  2721 | D:3      | Found a blossoming altar of Fedhas.
  3094 | D:4      | Noticed an ogre
  3222 | D:4      | Noticed an ogre
  3228 | D:4      | Killed an ogre
  3228 | D:4      | Reached skill level 6 in Unarmed Combat
  3228 | D:4      | Reached XP level 6. HP: 17/43 MP: 6/6
  3423 | D:4      | Noticed a sky beast
  3431 | D:4      | Killed a sky beast
  3441 | D:4      | Learned a level 2 spell: Confusing Touch
  3445 | D:4      | Learned a level 3 spell: Confuse
  3504 | D:4      | Found Janwoum's Antique Armour Shop.
  3702 | D:5      | Entered Level 5 of the Dungeon
  3707 | D:5      | Reached XP level 7. HP: 43/48 MP: 7/7
  3769 | D:5      | Reached skill level 5 in Dodging
  3906 | D:5      | Found a glowing golden altar of the Shining One.
  4545 | D:6      | Found an ancient bone altar of Kikubaaqudgha.
  4564 | D:6      | Reached skill level 7 in Unarmed Combat
  4586 | D:6      | Reached XP level 8. HP: 54/54 MP: 8/8
  4607 | D:5      | Reached skill level 5 in Fighting
  5218 | D:6      | HP: 2/56 [poison (a potion of poison)]
  5219 | D:6      | Gained mutation: You can breathe flames. [potion of beneficial mutation]
  5221 | D:6      | Succumbed to poison (a potion of poison)

Action                   |  1- 3 |  4- 6 |  7- 9 || total
-------------------------+-------+-------+-------++-------
Melee: Unarmed           |    83 |    85 |   133 ||   301
  Use: Potion            |     3 |       |     6 ||     9
 Stab: Sleeping          |     9 |    13 |     3 ||    25
       Distracted        |       |     1 |       ||     1
  Eat: Chunk             |     2 |     7 |     2 ||    11
       Fruit             |       |       |     3 ||     3
